 Dungeon Sprint DCSS version 0.21-a0-91-ga5031da (webtiles) character file.

372 Kidiri the Covert (level 6, -7/32 HPs)
             Began as a Spriggan Enchanter on June 30, 2017.
             Killed from afar by an electric eel (14 damage)
             ... with a bolt of electricity
             ... in the Dungeon (Sprint II: "The Violet Keep of Menkaure").
             The game lasted 00:01:56 (367 turns).

Kidiri the Covert (Spriggan Enchanter)               Turns: 367, Time: 00:01:56

Health: -7/32      AC:  2    Str:  4    XL:     6   Next: 43%
Magic:  3/17       EV: 25    Int: 17    God:
Gold:   486        SH:  0    Dex: 18    Spells: 8/20 levels left

rFire    . . .     SeeInvis +   a - +1 dagger
rCold    . . .     Gourm    .   (shield restricted)
rNeg     . . .     Faith    .   b - +0 robe
rPois    .         Spirit   .   (helmet restricted)
rElec    .         Reflect  .   (no cloak)
rCorr    .         Harm     .   (gloves unavailable)
MR       +....     NoTele   +   (boots unavailable)
Stlth    +++++.....             (no amulet)
HPRegen  0.10/turn              (no ring)
MPRegen  0.15/turn              (no ring)

@: mesmerised, very slightly contaminated, very quick
A: unfitting armour, see invisible, herbivore 3, speed 3, slow metabolism 2
a: no special abilities


You were in the Dungeon.
You were not hungry.

You visited 1 branch You collected 486 gold pieces.

Inventory:

Hand Weapons
 a - a +1 dagger (weapon)
Armour
 b - a +0 robe (worn)
Scrolls
 j - a scroll of blinking
Potions
 e - a potion of curing
 f - a potion of heal wounds
 g - a potion of haste
 h - 2 potions of magic
Books
 c - a book of Maledictions

   Spells                             Type                      Level
   a - Corona                         Hexes                        1
   b - Ensorcelled Hibernation        Hexes/Ice                    2
   c - Confuse                        Hexes                        3
   d - Tukima's Dance                 Hexes                        3
   e - Dazzling Spray                 Conjuration/Hexes            3
Comestibles
 d - a bread ration


   Skills:
 + Level 3.2 Fighting
 * Level 6.3 Short Blades
 + Level 2.9 Armour
 * Level 8.8 Dodging
 * Level 10.3 Stealth
 * Level 7.5 Spellcasting
 + Level 6.1 Hexes


You had 8 spell levels left.
You knew the following spells:

 Your Spells              Type           Power        Failure   Level  Hunger
a - Corona                Hex            ####...      1%          1    None
b - Ensorcelled Hibernat  Hex/Ice        ###...       4%          2    None
c - Confuse               Hex            ####....     2%          3    ##.....
d - Tukima's Dance        Hex            ####....     2%          3    ##.....
e - Dazzling Spray        Conj/Hex       ###...       9%          3    ##.....


Dungeon Overview and Level Annotations

Branches:
Dungeon (1/1)

Altars:


Innate Abilities, Weirdness & Mutations

You are very small and have problems with some larger weapons.
You are too small for most types of armour.
You have supernaturally acute eyesight. (SInv)
You are a herbivore.
You cover ground extremely quickly.
You need consume almost no food.


Message History

You hit the merfolk siren.
The merfolk siren is moderately wounded.
You hit the merfolk siren but do no damage.
The merfolk siren is moderately wounded.
The merfolk siren completely misses you.
The electric eel shoots out a bolt of lightning at you!
The bolt of electricity misses you.
You hit the merfolk siren but do no damage.
The merfolk siren is moderately wounded.
The merfolk siren chants its luring song.
The electric eel shoots out a bolt of lightning at you!
The bolt of electricity hits you!
* * * LOW HITPOINT WARNING * * *
You closely miss the merfolk siren.
The merfolk siren is moderately wounded.
You hit the merfolk siren but do no damage.
The merfolk siren is moderately wounded.
The electric eel shoots out a bolt of lightning at you!
The bolt of electricity hits you!
You die...

### .## ### .##
##.###+###.##..#
#.%%##.##.#%#..#
+.##+.<.+###+..#
###.##.##.#.#....#
#.###'###.##......≈
####.$.#### ≈.....≈
#..#..# ≈≈≈≈..≈
##.m@## ≈≈≈≈≈.≈
##'## ≈§§≈§§≈ ≈≈§
≈§≈≈≈≈≈ #'''#
#§;;;§ #§§§§§
+§§§§§§ ##§§§§§


You could see a merfolk siren and 3 electric eels.

Vanquished Creatures
  2 hippogriffs (D)
  3 worms (D)
5 creatures vanquished.

Vanquished Creatures (others)
  A crocodile (D)
1 creature vanquished.

Grand Total: 6 creatures vanquished

Notes
Turn   | Place    | Note
-------+----------+-------------------------------------------
     0 | D        | Kidiri the Spriggan Enchanter began the quest for the Orb.
     0 | D        | Reached XP level 1. HP: 9/9 MP: 5/5
     1 | D        | Noticed a neqoxec
    12 | D        | Reached skill level 5 in Stealth
    22 | D        | Reached XP level 2. HP: 14/14 MP: 7/7
    46 | D        | Learned a level 2 spell: Ensorcelled Hibernation
    57 | D        | Noticed a merfolk siren
    61 | D        | Noticed a hippogriff
    61 | D        | Noticed a hippogriff
    72 | D        | Killed a hippogriff
    72 | D        | Reached skill level 5 in Short Blades
    72 | D        | Reached skill level 8 in Stealth
    72 | D        | Reached skill level 5 in Hexes
    72 | D        | Reached XP level 3. HP: 6/19 MP: 3/11
    72 | D        | Reached XP level 4. HP: 8/23 MP: 3/13
    72 | D        | Reached XP level 5. HP: 9/27 MP: 3/14
   139 | D        | Killed a crocodile
   267 | D        | Learned a level 3 spell: Confuse
   271 | D        | Learned a level 3 spell: Tukima's Dance
   275 | D        | Learned a level 3 spell: Dazzling Spray
   280 | D        | Killed a hippogriff
   280 | D        | Reached skill level 10 in Stealth
   280 | D        | Reached XP level 6. HP: 32/32 MP: 12/17
   367 | D        | Killed from afar by an electric eel

Vault maps used:
D:        the_violet_keep_of_menkaure

Skill      XL: |  1  2  3  4  5 |
---------------+----------------+-----
Stealth        | 5 8 10 | 10.3
Spellcasting   | 3 6 7 |  7.5
Fighting       | 2 3 |  3.2
Short Blades   | 5 6 |  6.3
Armour         | 2 |  2.9
Dodging        | 7 8 |  8.8
Hexes          | 5 6 |  6.1

Action                   |  1- 3 |  4- 6 || total
-------------------------+-------+-------++-------
Melee: Dagger            |    14 |    40 ||    54
 Cast: Ensorcelled Hiber |     2 |     3 ||     5
       Confuse           |       |     2 ||     2
       Corona            |       |     1 ||     1
       Dazzling Spray    |       |     1 ||     1
  Use: Potion            |     1 |       ||     1
 Stab: Sleeping          |     2 |     1 ||     3
Dodge: Dodged            |     4 |    12 ||    16
